 Dungeon Crawl Stone Soup version 0.28.0-53-g5a82cb258f (webtiles) character file.

Game seed: 9067353761168068934

103 Arcadio the Unweaver (level 4, 0/35 HPs)
             Began as a Demonspawn Abyssal Knight on June 8, 2022.
             Was a Follower of Lugonu.
             Killed by nerve-wracking pain
             ... invoked by a shadow imp
             ... summoned by Natasha
              (6 damage)
             ... on level 2 of the Dungeon on Aug 19, 2022.
             The game lasted 00:11:21 (3058 turns).

Arcadio the Unweaver (Demonspawn Abyssal Knight)    Turns: 3058, Time: 00:11:21

Health: 0/35       AC:  3    Str: 16    XL:     4   Next: 51%
Magic:  6/6        EV: 11    Int: 11    God:    Lugonu [*.....]
Gold:   81         SH:  0    Dex: 13    Spells: 3/3 levels left

rFire   . . .      SeeInvis .   a - +1 falchion
rCold   . . .      Faith    .   (no shield)
rNeg    . . .      Spirit   .   b - +0 leather armour
rPois   .          Reflect  .   (no helmet)
rElec   .          Harm     .   (no cloak)
rCorr   .          Rampage  .   (no gloves)
Will    .....                   (no boots)
Stlth   +.........              (no amulet)
HPRegen 0.11/turn               (no ring)
MPRegen 0.10/turn               (no ring)

@: no status effects
A: demonic touch 1
a: Renounce Religion, Depart the Abyss


You were on level 2 of the Dungeon.
You worshipped Lugonu.
Lugonu was aware of your devotion.
You visited 1 branch of the dungeon, and saw 3 of its levels.
You visited the Abyss 1 time.

You collected 81 gold pieces.

Inventory:

Hand Weapons
 a - a +1 falchion (weapon)
Armour
 b - a +0 leather armour (worn)
 g - a +0 scale mail
 h - a +0 chain mail
 i - a +0 ring mail
 k - a +2 scale mail of poison resistance
Jewellery
 c - a ring of poison resistance
Wands
 n - a wand of digging (2)
Potions
 d - a potion of curing
 e - a potion of haste {unknown}
 f - a potion of lignification {unknown}
 l - a potion of brilliance {unknown}


   Skills:
 + Level 3.5 Fighting
 + Level 2.4 Long Blades
 + Level 2.5 Armour
 + Level 1.8 Dodging
 + Level 3.5 Invocations


You had 3 spell levels left.
You didn't know any spells.
Your spell library contained the following spells:

 Spells                   Type           Power      Damage    Failure   Level
 Portal Projectile        Hex/Tloc       0%         N/A       77%         3
 Stone Arrow              Conj/Erth      0%         3d7       77%         3
 Animate Armour           Summ/Erth      0%         N/A       99%         4
 Blade Hands              Tmut           0%         N/A       100%        5
 Excruciating Wounds      Necr           0%         N/A       100%        5
 Lehudib's Crystal Spear  Conj/Erth      0%         10d2      100%        8


Dungeon Overview and Level Annotations

Branches:
Dungeon (3/15)

Altars:

Shops:
D:1 :

Annotations:
D:2 Natasha


Innate Abilities, Weirdness & Mutations

Your touch may inflict minor irresistible damage on your foes.


Message History

The orc is almost dead.
The orc hits you with a +0 club.
An orc priest comes into view. It is wielding a +0 hand axe.
You closely miss the orc.
The orc is almost dead.
The orc hits you with a +0 club.
You slash the orc!
You kill the orc!
Lugonu accepts your kill.
The orc priest calls down the wrath of Beogh upon you.
Pain shoots through your body!
* * * LOW HITPOINT WARNING * * *
An orc comes into view. It is wielding a +0 short sword.
The orc shouts!
Things that are here:
a +0 club; a rat corpse The orc priest mumbles some strange prayers to Beogh against you.
Beogh smites you!
* * * LOW HITPOINT WARNING * * *
There is a stone staircase leading up here.
You climb upwards.
There is a stone staircase leading down here.
You start resting.
Natasha, Servant of Life and Death comes into view.
Natasha is nearby!
Natasha hisses angrily.
There is an open door here.
You close the door.
Natasha opens the door.
There is an open door, spattered with blood here.
Natasha casts a spell.
You feel better. Natasha claws you.
* * * LOW HITPOINT WARNING * * *
The shadow imp hits you.
* * * LOW HITPOINT WARNING * * *
Natasha casts a spell at you. You resist with some effort.
The shadow imp closely misses you.
Natasha casts a spell.
The shadow imp gestures at you. Pain shoots through your body!
You die...

######.....# ###### #.##
#.....#.#.# #....# #...
#.###.)...# #....# ####.## #.#
#.#.#.# #....# #.>..## #.#
#.....### #....# #....## #####.#
#.......###h...####....## ......#
#.#####.#.5....5..'......
####..###.# ###.#.#....####....##
##.....# #...@.#....# #....##
#..###########.#....# #......
##.## ##≈≈≈≈####....# #..[...
#####..###≈≈≈≈≈≈###.#### #.####.
...##.........≈≈....# #....#.
.<.+...........≈≈...# ########)#.
...###.....≈≈....≈..# #........#.
...###....≈..≈≈..≈..# #...######.
..........≈....≈≈...###....#.....


You could see Natasha and a shadow imp (summoned).

Vanquished Creatures
  Natasha (D:2)
  2 adders (D:2)
  2 worms (D:2)
  3 dart slugs
  2 orcs (D:3)
  5 ball pythons
  5 bats
  5 endoplasms
  3 giant cockroaches
  2 goblins
  5 hobgoblins
  A quokka (D:1)
  2 frilled lizards
  2 kobolds
  5 rats
45 creatures vanquished.

Notes
Turn   | Place    | Note
-------+----------+-------------------------------------------
     0 | Abyss:1  | Arcadio the Demonspawn Abyssal Knight began the quest for
                  | the Orb.
     0 | Abyss:1  | Reached XP level 1. HP: 18/18 MP: 2/2
    70 | Abyss:4  | Found a corrupted altar of Lugonu.
    89 | Abyss:4  | Noticed a wraith
   112 | D:1      | Escaped the Abyss
   147 | D:1      | Reached skill level 1 in Dodging
   385 | D:1      | Found a faded altar of an unknown god.
   414 | D:1      | Gained mutation: Your touch may inflict minor irresistible
                  | damage on your foes. [demonic ancestry]
   414 | D:1      | Reached XP level 2. HP: 20/24 MP: 4/4
   485 | D:1      | Found Haishroete's Book Emporium.
   597 | D:1      | Reached * piety under Lugonu
  1621 | D:2      | Reached XP level 3. HP: 26/29 MP: 5/5
  1668 | D:2      | Noticed Natasha
  1673 | D:2      | Killed Natasha
  2048 | D:2      | Reached XP level 4. HP: 27/35 MP: 6/6
  3033 | D:3      | HP: 1/35 [orc priest/divine providence (8)]
  3043 | D:2      | Noticed Natasha
  3058 | D:2      | Killed from afar by a shadow imp

Illustrated notes

Levels and vault maps discovered:
D:1:      minmay_arrival_up_and_down, layout_basic, serial_shops, shop,
          hellmonk_ecumenical_altar_crossroads
D:2:      cheibrodos_helix_gallery, layout_basic, serial_co_window_serial,
          co_window_corner_a, co_window_of_opportunity_a, co_window_corner_a,
          co_window_corner_a, co_window_paths_b, co_window_cross_4,
          co_window_broadway_c, co_window_2corner, co_window_4corner_b,
          glass_columns_a, glass_columns_a, glass_columns_a, glass_columns_a,
          glass_columns_a, wander_ebering_terrifying_dragon_lair, uniq_natasha
D:3:      layout_basic, led_sif_pool, demons_altar, dk_yredelemnul_ordeal,
          lemuel_tele_altar, gup_sewer_entry_pipe, gammafunk_ghost_grave

Skill      XL: |  1  2 |
---------------+-------+-----
Dodging        | 1 |  1.8
Long Blades    | 2 |  2.4
Armour         | 2 |  2.5
Invocations    | 3 |  3.5
Fighting       | |  3.5

Action                   |  1- 3 |  4- 6 || total
-------------------------+-------+-------++-------
Melee: Falchion          |    85 |    33 ||   118
       Touch             |     8 |     6 ||    14
       Punch             |     1 |       ||     1
Invok: Depart the Abyss  |     1 |       ||     1
  Use: Scroll            |     1 |     2 ||     3
       Potion            |       |     1 ||     1
Armor: Leather armour    |    43 |     5 ||    48
Dodge: Dodged            |    80 |    20 ||   100
